 Dungeon Crawl Stone Soup version 0.21-a0-273-g0785366 (webtiles) character file.

1550 vishdafish the Cudgeler (level 8, -6/79 HPs)
             Began as a Troll Fighter on Sept 17, 2017.
             Killed from afar by a human (14 damage)
             ... with a wand of lightning (?/15)
             ... on level 5 of the Dungeon.
             The game lasted 00:10:30 (3967 turns).

vishdafish the Cudgeler (Troll Fighter)             Turns: 3967, Time: 00:10:31

Health: -6/79      AC:  6    Str: 25    XL:     8   Next: 57%
Magic:  7/7        EV: 13    Int:  4    God:
Gold:   116        SH: 11    Dex: 11    Spells: 7/7 levels left

rFire    . . .     SeeInvis .   B - +0 flail (holy)
rCold    . . .     Gourm    +   m - +2 shield
rNeg     . . .     Faith    .   y - +0 robe (curse)
rPois    .         Spirit   .   (helmet restricted)
rElec    .         Reflect  .   c - +0 cloak
rCorr    +         Harm     .   (gloves unavailable)
MR       .....                  (boots unavailable)
Stlth    +.........             (no amulet)
HPRegen  0.63/turn              e - +3 ring of evasion
MPRegen  0.10/turn              j - ring of resist corrosion

@: no status effects
A: unfitting armour, claws 3, fast metabolism 3, gourmand, regeneration 1,
shaggy fur 1, tough skin 2
a: no special abilities


You were on level 5 of the Dungeon.
You were very full.

You visited 2 branches of the dungeon, and saw 7 of its levels.

You collected 221 gold pieces.
You spent 105 gold pieces at shops.

Inventory:

Hand Weapons
 g - a +4 mace
 v - a +3 blowgun
 B - a +0 flail of holy wrath (weapon)
Missiles
 q - 5 javelins (quivered)
Armour
 c - a +0 cloak (worn)
 m - a +2 shield (worn)
 y - a cursed +0 robe (worn)
Jewellery
 e - a +3 ring of evasion (left claw)
 j - a ring of resist corrosion (right claw)
Scrolls
 h - 4 scrolls of enchant armour
 k - 2 scrolls of noise
 l - 5 scrolls of remove curse
 n - 2 scrolls of amnesia
 o - 2 scrolls of recharging {unknown}
 p - a scroll of teleportation {unknown}
 w - 2 scrolls of blinking
 A - a scroll of enchant weapon {unknown}
Potions
 b - 3 potions of brilliance
 d - 2 potions of might
 i - 2 potions of agility
 r - 2 potions of haste
 s - a potion of berserk rage {unknown}
 u - a potion of curing {unknown}
Books
 a - a book of Conjurations

   Spells                             Type                      Level
   a - Magic Dart                     Conjuration                  1
   b - Searing Ray                    Conjuration                  2
   c - Dazzling Spray                 Conjuration/Hexes            3
   d - Fulminant Prism                Conjuration/Hexes            4
   e - Force Lance                    Conjuration/Translocation    4
   f - Iskenderun's Mystic Blast      Conjuration                  4
Comestibles
 f - 5 bread rations
 x - 3 meat rations
 z - a royal jelly


   Skills:
 + Level 4.4 Fighting
 * Level 6.8 Maces & Flails
 + Level 4.7 Dodging
 + Level 4.4 Shields


You had 7 spell levels left.
You didn't know any spells.

Dungeon Overview and Level Annotations

Branches:
Dungeon (6/15)             Temple (1/1) D:5

Altars:
Ashenzari
Cheibriados
Dithmenos
Elyvilon
Hepliaklqana
Kikubaaqudgha
Makhleb
Ru
Sif Muna
Uskayaw
Vehumet
Wu Jian
Xom
Yredelemnul
The Shining One

Shops:
D:4 (?


Innate Abilities, Weirdness & Mutations

You are too large for most types of armour.
You have claws for hands.
Your metabolism is lightning-fast.
You like to eat raw meat.
Your natural rate of healing is unusually fast.
You are covered in fur. (AC +1)
You have very tough skin. (AC +2)


Message History

The human is moderately wounded.
You block the human's attack.
You hit the human.
The human is moderately wounded.
You block the human's attack.
You miss the human.
The human is moderately wounded.
The human zaps a wand.
The bolt of lightning hits you!
* * * LOW HITPOINT WARNING * * *
The bolt of lightning hits you!
* * * LOW HITPOINT WARNING * * *
It is a wand of lightning (?/15).
You feel much better.
The human zaps a wand.
The bolt of lightning hits you!
* * * LOW HITPOINT WARNING * * *
The bolt of lightning hits you!
* * * LOW HITPOINT WARNING * * *
You feel much better.
The human zaps a wand.
The bolt of lightning hits you!
* * * LOW HITPOINT WARNING * * *
The bolt of lightning hits you!
You die...

####### ### ......#
##.## .####.# ##.#.##
.####.########.###.##
.#............## ##.#
...##.########.###.##
.####.# ##.#.##
......# ##p## .######
##.@# ## ####..[##
##### #.......#
....#######.###.#.#
.##......##.###.#.#
.##......##.##..#.#
.........##.##.##.#
.##......##.##.##.#
..................#


You could see a human.

Vanquished Creatures
  Grinder (D:4)
  A human (D:6)
  2 ice beasts (D:5)
  A phantom (D:6)
  A black bear (D:5)
  An ogre (D:4)
  3 vampire bats (D:2)
  A crimson imp (D:5)
  A centaur zombie (D:5)
  A hound (D:5)
  A centaur skeleton (D:6)
  Terence (D:3)
  Jessica (D:3)
  5 orc wizards
  7 worker ants
  A hound skeleton (D:4)
  A worker ant zombie (D:5)
  4 adders
  3 shadow imps (D:5)
  3 worms
  2 dart slugs
  A leopard gecko (D:1)
  23 orcs
  8 bats
  3 bat skeletons (D:2)
  2 bat zombies (D:2)
  3 giant cockroaches
  3 goblins
  7 hobgoblins
  3 jackals (D:1)
  9 kobolds
  2 quokkas
  A frilled lizard (D:3)
  3 rats
110 creatures vanquished.

Notes
Turn   | Place    | Note
-------+----------+-------------------------------------------
     0 | D:1      | vishdafish the Troll Fighter began the quest for the Orb.
     0 | D:1      | Reached XP level 1. HP: 22/22 MP: 0/0
   152 | D:1      | Reached skill level 2 in Maces & Flails
   306 | D:1      | Reached XP level 2. HP: 25/29 MP: 1/1
   763 | D:2      | Reached XP level 3. HP: 32/36 MP: 2/2
  1011 | D:2      | Found a white marble altar of Elyvilon.
  1124 | D:2      | Found an ancient bone altar of Kikubaaqudgha.
  1147 | D:2      | Reached skill level 3 in Maces & Flails
  1147 | D:2      | Reached XP level 4. HP: 41/44 MP: 3/3
  1168 | D:2      | Reached XP level 5. HP: 50/50 MP: 4/4
  1375 | D:3      | Found a hazy altar of Hepliaklqana.
  1375 | D:3      | Found a radiant altar of Vehumet.
  1375 | D:3      | Noticed Terence
  1391 | D:3      | Killed Terence
  1491 | D:3      | Reached skill level 4 in Maces & Flails
  1707 | D:3      | Noticed Jessica
  1716 | D:3      | Killed Jessica
  1716 | D:3      | Reached XP level 6. HP: 57/59 MP: 5/5
  2227 | D:4      | Noticed Grinder
  2228 | D:4      | Found Woneudyo's Antique Weapon Shoppe.
  2251 | D:4      | Killed Grinder
  2251 | D:4      | Reached skill level 5 in Maces & Flails
  2251 | D:4      | Reached XP level 7. HP: 55/67 MP: 6/6
  2465 | D:4      | Found Vorhacoe's Magic Scroll Emporium.
  2486 | D:4      | Bought a scroll of blinking for 105 gold pieces
  2662 | D:5      | Entered Level 5 of the Dungeon
  2715 | D:5      | Found a shattered altar of Ashenzari.
  2946 | D:5      | Reached XP level 8. HP: 52/78 MP: 7/7
  2954 | D:5      | Reached skill level 6 in Maces & Flails
  2990 | D:5      | Found a staircase to the Ecumenical Temple.
  3076 | Temple   | Entered the Ecumenical Temple
  3398 | D:5      | Found a snail-covered altar of Cheibriados.
  3966 | D:5      | HP: 2/79 [human/wand of lightning (?/15) (18)]
  3967 | D:5      | Killed from afar by a human

Vault maps used:
D:1:      ncdulo_lavacross
D:2:      kennysheep_vampire_church, elyvilon_altar_5
D:3:      grunt_temple_overflow_open, first_bread, minmay_misc_feat_room,
          uniq_jessica, uniq_terence
D:4:      serial_shops, nicolae_shop_overgrown_old_shop,
          kennysheep_small_square, uniq_grinder
D:5:      overflow_temple_1_default, lemuel_round_altar,
          minmay_temple_entry_nine_rooms
D:6:      gammafunk_temple_overflow_statue, minmay_ruffians, uniq_duvessa
Temple:   jpeg_temple_island

Skill      XL: |  1  2  3  4  5  6  7  8 |
---------------+-------------------------+-----
Maces & Flails | 2 3 4 5 6 |  6.8
Dodging        | 3 4 |  4.7
Shields        | 3 4 |  4.4
Fighting       | 3 4 |  4.4

Action                   |  1- 3 |  4- 6 |  7- 9 || total
-------------------------+-------+-------+-------++-------
Melee: Flail             |   141 |   170 |    49 ||   360
       Mace              |       |       |   140 ||   140
Throw: Javelin           |       |     1 |     3 ||     4
  Use: Scroll            |       |     4 |     4 ||     8
       Potion            |       |       |     2 ||     2
  Eat: Chunk             |    16 |     7 |    19 ||    42
Armor: Robe              |    74 |    51 |    28 ||   153
Dodge: Dodged            |    80 |    74 |    92 ||   246
Block: Shield            |   123 |   101 |   123 ||   347

Table legend:
 A = Spawn XP
 B = Non-spawn XP
 C = Spawn XP percentage of total XP
 D = Spawn monster count
 E = Non-spawn monster count
 F = Spawn count percentage of total count
 G = Total turns spent on level
                    A         B        C        D         E        F      G
               +---------+---------+-------+---------+---------+-------+---------
         Total |       0 |    2215 |   0.0 |       0 |     110 |   0.0 |  3967
               +---------+---------+-------+---------+---------+-------+---------
           D:1 |       0 |      28 |   0.0 |       0 |      15 |   0.0 |   649
           D:2 |       0 |     235 |   0.0 |       0 |      27 |   0.0 |   726
           D:3 |       0 |     137 |   0.0 |       0 |      19 |   0.0 |   553
           D:4 |       0 |     707 |   0.0 |       0 |      21 |   0.0 |   734
           D:5 |       0 |     721 |   0.0 |       0 |      24 |   0.0 |   959
           D:6 |       0 |     387 |   0.0 |       0 |       4 |   0.0 |    90
               +---------+---------+-------+---------+---------+-------+---------
